 Dungeon Crawl Stone Soup version 0.21.1-1-g345015f (webtiles) character file.

745 poirepourri the Shield-Bearer (level 7, -12/46 HPs)
             Began as a Gargoyle Fighter on July 13, 2018.
             Was an Initiate of Cheibriados.
             Mangled by a centaur
             ... wielding a +0 mace
              (14 damage)
             ... on level 5 of the Dungeon.
             The game lasted 00:04:15 (4077 turns).

poirepourri the Shield-Bearer (Gargoyle Fighter)    Turns: 4077, Time: 00:04:16

Health: -12/46     AC: 11    Str: 21    XL:     7   Next: 76%
Magic:  7/7        EV:  8    Int: 13    God:    Cheibriados [......]
Gold:   153        SH: 10    Dex: 12    Spells: 6/6 levels left

rFire    . . .     SeeInvis .   a - +0 flail
rCold    . . .     Gourm    .   c - +0 shield
rNeg     + . .     Faith    .   b - +0 scale mail
rPois    ∞         Spirit   .   (no helmet)
rElec    +         Reflect  .   (no cloak)
rCorr    .         Harm     .   (no gloves)
MR       .....                  (no boots)
Stlth    ..........             (no amulet)
HPRegen  0.15/turn              e - +4 ring of intelligence
MPRegen  0.10/turn              (no ring)

@: very slow
A: negative energy resistance 1, electricity resistance, unbreathing,
petrification resistance, rot immunity, AC +4
a: Bend Time, Renounce Religion


You were on level 5 of the Dungeon.
You worshipped Cheibriados.
Cheibriados was noncommittal.
You were not hungry.

You visited 2 branches of the dungeon, and saw 6 of its levels.

You collected 153 gold pieces.

Inventory:

Hand Weapons
 a - a +0 flail (weapon)
Missiles
 o - 10 bolts
Armour
 b - a +0 scale mail (worn)
 c - a +0 shield (worn)
Jewellery
 e - a +4 ring of intelligence (left hand)
 l - a +2 ring of dexterity {unknown}
Wands
 k - a wand of paralysis (11)
Scrolls
 m - a scroll of fog {unknown}
Potions
 d - a potion of brilliance {unknown}
 f - a potion of lignification {unknown}
 g - a potion of heal wounds {unknown}
 h - a potion of flight
 i - a potion of haste {unknown}
 n - a potion of mutation {unknown}
Comestibles
 j - 2 rations


   Skills:
 - Level 6.1 Fighting
 + Level 5.1 Maces & Flails
 - Level 3.2 Armour
 - Level 6.2 Shields


You had 6 spell levels left.
You didn't know any spells.

Dungeon Overview and Level Annotations

Branches:
Dungeon (5/15)             Temple (1/1) D:4

Altars:
Ashenzari
Cheibriados
Dithmenos
Elyvilon
Fedhas
Gozag
Hepliaklqana
Kikubaaqudgha
Makhleb
Nemelex Xobeh
Okawaru
Qazlal
Ru
Sif Muna
Trog
Uskayaw
Vehumet
Wu Jian
Xom
Yredelemnul
Zin
The Shining One


Innate Abilities, Weirdness & Mutations

You are resistant to torment.
Your stone body is resilient. (AC +4)
You are immune to poison.
You resist negative energy. (rN+)
You are resistant to electric shocks. (rElec)
You can survive without breathing.
You are immune to petrification.
You are immune to rotting.


Message History

The centaur rages.
The centaur barely misses you.
The centaur hits you with an uncursed mace!
Your shield and scale mail prevent you from hitting the centaur.
You block the centaur's attack. x2
The centaur hits you with an uncursed mace!
* * * LOW HITPOINT WARNING * * *
You hit the centaur.
The centaur is lightly wounded.
You block the centaur's attack.
The centaur hits you but does no damage.
You closely miss the centaur.
The centaur is lightly wounded.
The centaur hits you with an uncursed mace!
* * * LOW HITPOINT WARNING * * *
The centaur barely misses you.
You barely miss the centaur.
The centaur is lightly wounded.
The centaur hits you with an uncursed mace!
You die...

#.###.# ##### # #.# #.#
#...#####
#####.###.#####.#.#....
#####...#...#.#.....#.#.###
........#####.#.#...#.#.#..
........#.....#.#...#.#.#.#
.......((((...#.#...#.#.###
.......###c##.#.#...#.#(#..
...c... #@##.#.#...#.#.#.#
.[..... #.##.#.#.###.#.#.#
....... #(##.#............
.c..... #(##.##...######.#
....... #(##.##.(.#.......
....... #.##.##...#.####.#
#.##.##...#.# #.#
#.##.##...#.####.#
#.##.##...#.#....#


You could see a centaur (berserk).

Vanquished Creatures
  Eustachio (D:4)
  The ghost of bmj180 the Covered, an amateur HaFi (D:3)
  2 howler monkeys (D:4)
  A crimson imp (D:5)
  An orc priest (D:3)
  A hound (D:4)
  4 worker ants (D:4)
  Robin (D:2)
  9 adders
  3 oozes
  An adder zombie (D:3)
  3 dart slugs
  A leopard gecko (D:1)
  9 orcs
  3 giant cockroaches
  13 goblins
  9 hobgoblins
  6 jackals
  6 kobolds
  4 quokkas
  A ball python (D:4)
  10 bats
  7 frilled lizards
  A quokka skeleton (D:4)
  A quokka zombie (D:5)
  14 rats
113 creatures vanquished.

Notes
Turn   | Place    | Note
-------+----------+-------------------------------------------
     0 | D:1      | poirepourri the Gargoyle Fighter began the quest for the Orb.
     0 | D:1      | Reached XP level 1. HP: 14/14 MP: 1/1
    74 | D:1      | Reached XP level 2. HP: 15/19 MP: 2/2
   364 | D:1      | Reached XP level 3. HP: 23/23 MP: 3/3
  1067 | D:2      | Reached XP level 4. HP: 21/28 MP: 4/4
  1245 | D:2      | Noticed Robin
  1278 | D:2      | Killed Robin
  1287 | D:2      | Reached XP level 5. HP: 21/32 MP: 5/5
  1816 | D:3      | Reached skill level 5 in Shields
  1851 | D:3      | Noticed bmj180's ghost (amateur HaFi)
  1864 | D:3      | Killed bmj180's ghost
  1864 | D:3      | Reached XP level 6. HP: 28/37 MP: 6/6
  1919 | D:3      | Found a basalt altar of Yredelemnul.
  2543 | D:4      | Noticed Eustachio
  2643 | D:4      | Killed Eustachio
  2643 | D:4      | Reached skill level 5 in Fighting
  2643 | D:4      | Reached XP level 7. HP: 14/45 MP: 7/7
  3345 | D:4      | Found a staircase to the Ecumenical Temple.
  3430 | Temple   | Entered the Ecumenical Temple
  3473 | Temple   | Became a worshipper of Cheibriados the Contemplative
  3704 | D:5      | Entered Level 5 of the Dungeon
  3802 | D:5      | Reached skill level 5 in Maces & Flails
  4076 | D:5      | HP: 2/46 [centaur/uncursed mace (11)]
  4077 | D:5      | Mangled by a centaur

Skill      XL: |  1  2  3  4  5  6  7 |
---------------+----------------------+-----
Maces & Flails | 3 4 5 |  5.1
Shields        | 4 6 |  6.2
Fighting       | 5 6 |  6.1
Armour         | |  3.2

Action                   |  1- 3 |  4- 6 |  7- 9 || total
-------------------------+-------+-------+-------++-------
Melee: Flail             |   174 |   193 |   112 ||   479
Evoke: Wand              |       |     1 |       ||     1
  Use: Scroll            |     2 |     8 |       ||    10
       Potion            |       |     5 |       ||     5
 Stab: Invisible         |       |     1 |       ||     1
  Eat: Ration            |     1 |     1 |     2 ||     4
       Chunk             |       |       |     1 ||     1
Armor: Scale mail        |   153 |   188 |    87 ||   428
Dodge: Dodged            |    91 |   105 |    47 ||   243
Block: Shield            |   136 |   196 |   115 ||   447
